 Dungeon Crawl Stone Soup version 0.23-a0-4-g8f018a2 (webtiles) character file.

13507 vierth the Severer (level 11, -5/97 HPs)
             Began as a Minotaur Fighter on July 31, 2018.
             Was a High Priest of Trog.
             Slain by a sixfirhy (10 damage)
             ... on level 1 of the Abyss.
             The game lasted 00:27:39 (9750 turns).

vierth the Severer (Minotaur Fighter)               Turns: 9750, Time: 00:27:40

Health: -5/97      AC: 16    Str: 32    XL:     11   Next: 76%
Magic:  0/10       EV:  6    Int: 10    God:    Trog [*****.]
Gold:   501        SH: 11    Dex: 10    Spells: 10/10 levels left

rFire    . . .     SeeInvis .   x - +10 mace of Kiagy {drain, Int+5}
rCold    . . .     Gourm    .   c - +0 shield
rNeg     . . .     Faith    .   K - +0 plate armour
rPois    .         Spirit   +   (helmet restricted)
rElec    .         Reflect  .   A - scarf {Spirit}
rCorr    .         Harm     .   (no gloves)
MR       .....                  t - +1 pair of boots
Stlth    ..........             (no amulet)
HPRegen  0.26/turn              k - +4 ring of strength
MPRegen  0.12/turn              y - +4 ring of strength

@: berserk cooldown
A: retaliatory headbutt, horns 2
a: Berserk, Trog's Hand, Brothers in Arms, Renounce Religion


You were on level 1 of the Abyss.
You worshipped Trog.
Trog was extremely pleased with you.
You were full.

You visited 2 branches of the dungeon, and saw 11 of its levels.
You visited the Abyss 1 time.

You collected 701 gold pieces.
You spent 200 gold pieces at shops.

Inventory:

Hand Weapons
 a - a +0 war axe
 x - the +10 mace of Kiagy (weapon) {drain, Int+5}
   (You bought it in a shop on level 5 of the Dungeon)

   A truly terrible weapon, it drains the life of those it strikes.
   It affects your intelligence (+5).
 E - a +3 battleaxe of venom
Armour
 b - a +0 scale mail
 c - a +0 shield (worn)
 t - a +1 pair of boots (worn)
 A - a scarf of spirit shield (worn)
 K - a +0 plate armour (worn)
Jewellery
 k - a +4 ring of strength (left hand)
 y - a +4 ring of strength (right hand)
Wands
 w - a wand of paralysis (15)
 B - a wand of polymorph (9)
 H - a wand of acid (10)
 I - a wand of clouds (7)
 L - a wand of digging (7)
Scrolls
 e - a scroll of enchant armour
 g - a scroll of blinking
 h - 5 scrolls of remove curse
 l - 7 scrolls of identify
 p - a scroll of amnesia
 r - a scroll of teleportation
 s - 2 scrolls of enchant weapon
 C - a scroll of fear {unknown}
 D - a scroll of immolation {unknown}
 F - 2 scrolls of vulnerability {unknown}
 G - a scroll of random uselessness {unknown}
 J - a scroll of fog {unknown}
Potions
 d - 2 potions of might
 i - a potion of cancellation {unknown}
 j - 3 potions of curing {unknown}
 m - a potion of resistance {unknown}
 n - 2 potions of heal wounds {unknown}
 o - 3 potions of ambrosia
 q - 2 potions of lignification {unknown}
 u - a potion of degeneration {unknown}
 v - a potion of brilliance {unknown}
 z - 3 potions of agility {unknown}
Comestibles
 f - 11 rations


   Skills:
 + Level 9.3 Fighting
 - Level 16.6(17.0) Axes
 + Level 6.8(12.8) Maces & Flails
 + Level 9.2 Armour
 + Level 5.7 Shields


You had 10 spell levels left.
You didn't know any spells.
Your spell library was empty.

Dungeon Overview and Level Annotations

Branches:
Dungeon (10/15)            Temple (1/1) D:7
   Lair: D:8-11         Orc: D:9-12

Altars:
Ashenzari
Cheibriados
Dithmenos
Elyvilon
Fedhas
Gozag
Hepliaklqana
Kikubaaqudgha
Makhleb
Nemelex Xobeh
Okawaru
Qazlal
Ru
Sif Muna
Trog
Uskayaw
Vehumet
Wu Jian
Xom
Yredelemnul
Zin
The Shining One

Shops:
D:5 (   D:6 [

Annotations:
D:5 1 runed door, eyesofgods1's ghost, amateur DsMo
D:10 Sonja


Innate Abilities, Weirdness & Mutations

You reflexively headbutt those who attack you in melee.
You have a pair of horns on your head.


Message History

You're still recovering from your berserk rage.
You completely miss the large abomination.
The large abomination is heavily damaged.
You block the large abomination's attack.
You sock the large abomination!
The large abomination is almost destroyed.
You hit the large abomination but do no damage.
The large abomination is almost destroyed.
You block the large abomination's attack.
You sock the large abomination!
You destroy the large abomination!
Trog accepts your kill. The sixfirhy hits you.
* * * LOW HITPOINT WARNING * * *
The sixfirhy shocks you!
* * * LOW HITPOINT WARNING * * *
The sixfirhy hits you!
* * * LOW HITPOINT WARNING * * *
The sixfirhy shocks you!
You die...

# # # ### ## # .#
#. #. # ..# ## ##
.. .. #.#..######
.## .#..
#..#......# ...#
##.
#...#.#.#.###...#
#...#. ##..#...#
# .## .#.##.3#
.#### #.#..#.@#.#
.#.#...#.#.#
##.#.#.##...#
...#..# #...#
#..#.## #### #
...# #.... ....


You could see a sixfirhy.

Vanquished Creatures
  Erolcha (D:9)
  A centaur warrior (D:9)
  A death knight (D:9)
  2 two-headed ogres (D:8)
  3 large abominations (Abyss:1)
  A flayed ghost (D:8)
  Grinder (D:5)
  Sigmund (D:2)
  2 shadows (D:8)
  3 wraiths (D:8)
  2 wyverns
  12 fire bats (D:8)
  A hungry ghost (D:7)
  A water moccasin (D:6)
  2 ice beasts
  7 orc warriors
  A phantom (D:9)
  2 black bears (D:7)
  4 sky beasts
  6 ogres
  3 centaurs
  A gnoll sergeant (D:9)
  Blork the orc (D:6)
  5 bullfrogs
  A wyvern zombie (D:9)
  5 killer bees (D:7)
  4 wights
  2 howler monkeys
  4 crimson imps
  A bullfrog zombie (D:5)
  3 quasits
  4 jellies
  6 hounds
  9 orc priests
  12 orc wizards
  An iron imp (D:9)
  Jessica (D:2)
  3 iguanas
  7 worker ants
  4 small abominations (Abyss:1)
  A hound skeleton (D:4)
  A worker ant zombie (D:9)
  Robin (D:3)
  11 gnolls
  A howler monkey skeleton (D:6)
  5 adders
  5 shadow imps
  2 oozes
  2 adder skeletons
  A worm (D:2)
  2 dart slugs
  4 leopard geckos
  62 orcs
  2 ball pythons
  80 bats
  6 giant cockroaches
  15 goblins
  14 hobgoblins
  9 jackals
  6 quokkas
  A frilled lizard (D:1)
  2 jackal skeletons (D:6)
  9 kobolds
  2 leopard gecko skeletons
  7 rats
  A butterfly (D:8)
383 creatures vanquished.

Notes
Turn   | Place    | Note
-------+----------+-------------------------------------------
     0 | D:1      | vierth the Minotaur Fighter began the quest for the Orb.
     0 | D:1      | Reached XP level 1. HP: 19/19 MP: 0/0
    80 | D:1      | Reached skill level 3 in Axes
   167 | D:1      | Reached XP level 2. HP: 26/26 MP: 1/1
   472 | D:2      | Reached skill level 4 in Axes
   473 | D:2      | Found a shadowy altar of Dithmenos.
   522 | D:2      | Found a radiant altar of Vehumet.
   589 | D:2      | Reached XP level 3. HP: 31/31 MP: 2/2
   651 | D:2      | Found a shimmering altar of Xom.
   664 | D:2      | Noticed Sigmund
   677 | D:2      | Killed Sigmund
   677 | D:2      | Reached skill level 7 in Axes
   677 | D:2      | Reached XP level 4. HP: 16/39 MP: 3/3
   677 | D:2      | Reached XP level 5. HP: 18/45 MP: 4/4
  1013 | D:2      | Noticed Jessica
  1017 | D:2      | Killed Jessica
  1119 | D:2      | Found a sacrificial altar of Ru.
  1385 | D:3      | Noticed Robin
  1398 | D:3      | Killed Robin
  1398 | D:3      | Reached XP level 6. HP: 45/51 MP: 5/5
  1859 | D:3      | Reached skill level 8 in Axes
  1891 | D:3      | Found a sparkling altar of Nemelex Xobeh.
  2107 | D:4      | Found a glowing golden altar of the Shining One.
  2124 | D:4      | Reached skill level 9 in Axes
  2289 | D:4      | Reached XP level 7. HP: 48/57 MP: 6/6
  2567 | D:4      | Found a white marble altar of Elyvilon.
  2835 | D:5      | Entered Level 5 of the Dungeon
  2835 | D:5      | Found Muerchab's Antique Weapon Emporium.
  2846 | D:5      | Reached skill level 10 in Axes
  2853 | D:5      | Bought a scorched mace for 200 gold pieces
  2853 | D:5      | Identified the +10 mace of Kiagy {drain, Int+5} (You bought it in a shop on level 5 of the Dungeon)
  3061 | D:5      | Reached skill level 11 in Axes
  3070 | D:5      | Found a runed door.
  3299 | D:5      | Reached XP level 8. HP: 64/64 MP: 7/7
  3369 | D:5      | Noticed Grinder
  3395 | D:5      | Killed Grinder
  3483 | D:5      | Reached skill level 12 in Axes
  3717 | D:5      | Found a stormy altar of Qazlal.
  3816 | D:5      | Noticed eyesofgods1's ghost (amateur DsMo)
  3939 | D:6      | Reached skill level 13 in Axes
  4147 | D:6      | Reached XP level 9. HP: 53/70 MP: 8/8
  4276 | D:6      | Found Notylats's Armour Boutique.
  4463 | D:6      | Found a glowing silver altar of Zin.
  4480 | D:6      | Noticed Blork the orc
  4486 | D:6      | Killed Blork the orc
  4486 | D:6      | Reached skill level 14 in Axes
  5363 | D:7      | Reached skill level 15 in Axes
  5462 | D:7      | Found a staircase to the Ecumenical Temple.
  5753 | D:7      | Found a deep blue altar of Sif Muna.
  5835 | Temple   | Entered the Ecumenical Temple
  6063 | Temple   | Became a worshipper of Trog the Wrathful
  6266 | D:8      | Found a runed door.
  6275 | D:8      | Reached skill level 16 in Axes
  6288 | D:8      | Found a hazy altar of Hepliaklqana.
  6299 | D:8      | Found a hazy altar of Hepliaklqana.
  6317 | D:8      | Found a sparkling altar of Nemelex Xobeh.
  6324 | D:8      | Found a bloodstained altar of Trog.
  6345 | D:8      | Reached XP level 10. HP: 60/77 MP: 7/9
  6448 | D:8      | Reached * piety under Trog
  6707 | D:8      | Found a hazy altar of Hepliaklqana.
  6714 | D:8      | Reached skill level 5 in Fighting
  6714 | D:8      | Reached skill level 5 in Armour
  6904 | D:8      | Reached ** piety under Trog
  6923 | D:8      | Found a shadowy altar of Dithmenos.
  7331 | D:8      | Reached skill level 1 in Maces & Flails
  7422 | D:8      | Noticed a two-headed ogre
  7430 | D:8      | Killed a two-headed ogre
  7472 | D:8      | Found a basalt altar of Yredelemnul.
  7603 | D:8      | Noticed a flayed ghost
  7603 | D:8      | Noticed a two-headed ogre
  7607 | D:8      | Killed a flayed ghost
  7614 | D:8      | Killed a two-headed ogre
  7614 | D:8      | Reached *** piety under Trog
  7614 | D:8      | Reached XP level 11. HP: 92/92 MP: 10/10
  7797 | D:9      | Found a snail-covered altar of Cheibriados.
  7874 | D:9      | Noticed Erolcha
  7883 | D:9      | Killed Erolcha
  8083 | D:9      | Reached skill level 5 in Maces & Flails
  8325 | D:9      | Noticed a centaur warrior
  8328 | D:9      | Reached **** piety under Trog
  8339 | D:9      | Killed a centaur warrior
  8511 | D:9      | Noticed a death knight
  8523 | D:9      | Killed a death knight
  9113 | D:9      | Found an ornate altar of the Wu Jian Council.
  9315 | D:10     | Entered Level 10 of the Dungeon
  9409 | D:10     | Reached skill level 5 in Shields
  9466 | D:10     | Reached ***** piety under Trog
  9566 | D:10     | Noticed Sonja
  9569 | D:10     | Cast into level 1 of the Abyss (Sonja)
  9621 | Abyss:1  | Noticed a great orb of eyes
  9669 | Abyss:1  | Noticed a thrashing horror
  9677 | Abyss:1  | Noticed a large abomination
  9698 | Abyss:1  | Killed a large abomination
  9732 | Abyss:1  | Noticed a sixfirhy
  9750 | Abyss:1  | Slain by a sixfirhy

Vault maps used:
D:1:      lightli_arrival_noodles
D:2:      xom_teletrap_fun, lemuel_round_altar, nicolae_overflow_crystal_walls,
          nicolae_overflow_hidden_temple, uniq_jessica, uniq_sigmund
D:3:      lemuel_round_altar, uniq_robin
D:4:      kennysheep_mini, old_standard_altar, minmay_misc_feat_cross,
          hangedman_decor_diamond_cutter
D:5:      old_standard_altar, first_ration, ebering_ghost_sewer_d, serial_shops,
          nicolae_shop_temple_entry_statues_fountains, kennysheep_donut,
          kennysheep_generic_room_2, uniq_grinder
D:6:      zin_academy, serial_shops, shop, corexii_shack, uniq_blork_the_orc
D:7:      kennysheep_mini_moat, minmay_temple_entry_butterflies,
          grunt_ogre_cave, serial_park_tiny_1
D:8:      due_megacathedral, marbit_many_paths, grunt_ministairs_1
D:9:      lemuel_round_altar, slow_altar_1, minivault_28, uniq_erolcha
D:10:     minivault_25, uniq_maurice, uniq_sonja
Temple:   compressed_dpeg_triangle_lava_temple

Skill      XL: |  1  2  3  4  5  6  7  8  9 10 11 |
---------------+----------------------------------+-----
Axes           | 3 4 7 9 11 13 16 | 16.6
Fighting       | 7 9 |  9.3
Armour         | 7 9 |  9.2
Maces & Flails | 4 6 |  6.8
Shields        | 5 |  5.7

Action                   |  1- 3 |  4- 6 |  7- 9 | 10-12 || total
-------------------------+-------+-------+-------+-------++-------
Melee: War axe           |    68 |   117 |    36 |       ||   221
       Headbutt          |    11 |    23 |    46 |    74 ||   154
       Mace              |       |       |   254 |   375 ||   629
Invok: Berserk           |       |       |       |     5 ||     5
  Use: Scroll            |       |       |     7 |     3 ||    10
  Eat: Chunk             |       |     4 |     1 |       ||     5
       Ration            |       |       |     5 |     6 ||    11
Armor: Scale mail        |    22 |    40 |    97 |   141 ||   300
       Plate armour      |       |       |       |    54 ||    54
Dodge: Dodged            |    21 |    26 |    69 |   100 ||   216
Block: Shield            |    31 |    58 |   156 |   195 ||   440

Table legend:
 A = Spawn XP
 B = Non-spawn XP
 C = Spawn XP percentage of total XP
 D = Spawn monster count
 E = Non-spawn monster count
 F = Spawn count percentage of total count
 G = Total turns spent on level
                    A         B        C        D         E        F      G
               +---------+---------+-------+---------+---------+-------+---------
         Total |     730 |   18567 |   3.8 |       4 |     378 |   1.0 |  9750
               +---------+---------+-------+---------+---------+-------+---------
           D:1 |       0 |      24 |   0.0 |       0 |      15 |   0.0 |   439
           D:2 |       0 |     328 |   0.0 |       0 |      25 |   0.0 |   929
           D:3 |       0 |     131 |   0.0 |       0 |      32 |   0.0 |   673
           D:4 |       0 |     473 |   0.0 |       0 |      23 |   0.0 |   794
           D:5 |       0 |     966 |   0.0 |       0 |      29 |   0.0 |   990
           D:6 |       0 |    1338 |   0.0 |       0 |      26 |   0.0 |   992
           D:7 |       0 |    1774 |   0.0 |       0 |      35 |   0.0 |  1116
           D:8 |       0 |    6725 |   0.0 |       0 |     113 |   0.0 |  1595
           D:9 |       0 |    4787 |   0.0 |       0 |      41 |   0.0 |  1543
          D:10 |       0 |     937 |   0.0 |       0 |      36 |   0.0 |   254
       Abyss:1 |     730 |    1084 |  40.2 |       4 |       3 |  57.1 |   181
               +---------+---------+-------+---------+---------+-------+---------
